 Dungeon Crawl Stone Soup version 0.28-a0-834-g1a73be5ee4 (webtiles) character file.

Game seed: 3362495243931902862

280 pascalblue the Digger (level 6, -5/32 HPs)
             Began as a Deep Elf Earth Elementalist on Nov 11, 2021.
             Was an Initiate of Sif Muna.
             Slain by a gnoll sergeant (10 damage)
             ... on level 5 of the Dungeon.
             The game lasted 00:10:37 (3808 turns).

pascalblue the Digger (Deep Elf Earth Elementalist) Turns: 3808, Time: 00:10:39

Health: -5/32      AC:  4    Str:  5    XL:     6   Next: 5%
Magic:  0/24       EV: 12    Int: 22    God:    Sif Muna [......]
Gold:   118        SH:  0    Dex: 15    Spells: 8/14 levels left

rFire   . . .      SeeInvis .   a - staff of poison
rCold   . . .      Faith    .   (no shield)
rNeg    . . .      Spirit   .   b - +0 robe
rPois   +          Reflect  .   r - +2 hat
rElec   .          Harm     .   (no cloak)
rCorr   .          Rampage  .   (no gloves)
Will    .....                   (no boots)
Stlth   ++........              (no amulet)
HPRegen 0.10/turn               d - ring of magical power
MPRegen 0.19/turn               (no ring)

@: no status effects
A: no striking features
a: Renounce Religion


You were on level 5 of the Dungeon.
You worshipped Sif Muna.
Sif Muna was noncommittal.
You visited 2 branches of the dungeon, and saw 6 of its levels.

You collected 118 gold pieces.

Inventory:

Hand Weapons
 h - a +1 dagger
Missiles
 c - 55 stones
 p - a throwing net
Armour
 b - a +0 robe (worn)
 r - a +2 hat (worn)
Magical Staves
 a - a staff of poison (weapon)
Jewellery
 d - a ring of magical power (left hand)
Wands
 n - a wand of digging (4)
Scrolls
 m - a scroll of amnesia
 o - 2 scrolls of identify
 s - a scroll of teleportation {unknown}
Potions
 e - a potion of haste {unknown}
 f - a potion of brilliance {unknown}
 g - a potion of resistance {unknown}
 i - 2 potions of cancellation
 j - 2 potions of flight {unknown}
 k - a potion of might {unknown}
 l - a potion of mutation {unknown}
 q - a potion of heal wounds {unknown}


   Skills:
 - Level 2.4 Dodging
 - Level 2.4 Stealth
 + Level 4.7 Spellcasting
 * Level 2.8 Conjurations
 - Level 1.1 Transmutations
 + Level 1.7 Fire Magic
 * Level 5.6 Earth Magic


You had 8 spell levels left.
You knew the following spells:

 Your Spells              Type           Power      Damage    Failure   Level
a - Sandblast             Erth           58%        2d13      1%          1
b - Scorch                Fire           26%        2d6       8%          2
c - Stone Arrow           Conj/Erth      46%        3d9       5%          3

Your spell library contained the following spells:

 Spells                   Type           Power      Damage    Failure   Level
 Passwall                 Tmut/Erth      15%        N/A       4%          2
 Blink                    Tloc           10%        N/A       16%         2
 Petrify                  Tmut/Erth      19%        N/A       26%         4
 Lesser Beckoning         Tloc           5%         N/A       30%         3
 Flame Wave               Conj/Fire      15%        3d5       36%         4
 Manifold Assault         Tloc           5%         N/A       96%         5
 Summon Cactus Giant      Summ           2%         N/A       100%        6


Dungeon Overview and Level Annotations

Branches:
Dungeon (5/15)             Temple (1/1) D:4

Altars:
Ashenzari
Gozag
Sif Muna
Zin

Shops:
D:1 [


Message History

The blast of sand hits the gnoll!
You kill the gnoll!
Sif Muna accepts your kill.
You start resting.
A gnoll sergeant is nearby!
You see here a scroll labelled YGEBUARHUN.
Found a scroll labelled QIAZAPT HOCEOS.
The wyvern zombie misses you. The wyvern zombie misses you.
The wyvern zombie closely misses you.
Casting: Sandblast (safe; 1% risk of failure)
Confirm with . or Enter, or press ? or * to list all spells.
Aiming: Sandblast (safe; 1% risk of failure)
Press: ? - help, Shift-Dir - straight line, f - wyvern zombie
Aim: a wyvern zombie (severely damaged, 93% to hit)
The blast of sand hits the wyvern zombie!
The wyvern zombie is almost destroyed.
The wyvern zombie barely misses you.
Casting: Sandblast (safe; 1% risk of failure)
Confirm with . or Enter, or press ? or * to list all spells.
Aiming: Sandblast (safe; 1% risk of failure)
Press: ? - help, Shift-Dir - straight line, f/p - wyvern zombie
Aim: a wyvern zombie (almost destroyed, 93% to hit)
The blast of sand hits the wyvern zombie!
You destroy the wyvern zombie!
Sif Muna accepts your kill.
The bullfrog skeleton closely misses you.
You have reached level 6!
Your experience leads to an increase in your attributes!
Increase (S)trength, (I)ntelligence, or (D)exterity?
You feel clever.
Casting: Sandblast (safe; 1% risk of failure)
Confirm with . or Enter, or press ? or * to list all spells.
Aiming: Sandblast (safe; 1% risk of failure)
Press: ? - help, Shift-Dir - straight line, f - bullfrog skeleton
Aim: a bullfrog skeleton (severely damaged, 93% to hit)
The blast of sand hits the bullfrog skeleton!
You destroy the bullfrog skeleton!
Sif Muna accepts your kill.
The gnoll sergeant hits you from afar with a +0 spear!
You die...

. .. ....## ...
#....#. .. ###
#.....# ##
#?##.#####...... #.
#.......##...:..
#.#####....##......
#.@.g...##...[.....
#.#####.##..?.....#
#. #.##.......#. #.
#..........## #.
........[..#.# ##
######....#.#)
#....##.. ###.#....
#......


You could see a gnoll sergeant.

Vanquished Creatures
  A wyvern zombie (D:5)
  A scorpion (D:4)
  A bullfrog skeleton (D:5)
  An iguana (D:3)
  3 gnolls (D:5)
  2 adders
  2 worms
  A dart slug (D:3)
  6 orcs
  4 ball pythons
  6 endoplasms
  3 giant cockroaches
  8 goblins
  3 hobgoblins
  2 kobolds
  6 quokkas
  11 bats
  9 frilled lizards
  5 rats
75 creatures vanquished.

Vanquished Creatures (others)
  18 fungi (D:4)
18 creatures vanquished.

Grand Total: 93 creatures vanquished

Notes
Turn   | Place    | Note
-------+----------+-------------------------------------------
     0 | D:1      | pascalblue the Deep Elf Earth Elementalist began the quest
                  | for the Orb.
     0 | D:1      | Reached XP level 1. HP: 10/10 MP: 6/6
   221 | D:1      | Found a faded altar of an unknown god.
   233 | D:1      | Found Vusouc's Armour Boutique.
   391 | D:1      | Reached XP level 2. HP: 15/15 MP: 8/8
   884 | D:2      | Reached skill level 4 in Earth Magic
  1056 | D:2      | Reached XP level 3. HP: 19/19 MP: 10/10
  1496 | D:3      | Learned a level 2 spell: Scorch
  1575 | D:3      | Learned a level 3 spell: Stone Arrow
  1975 | D:3      | Reached XP level 4. HP: 24/24 MP: 12/12
  2077 | D:3      | Found a broken altar of Ashenzari.
  2344 | D:3      | Reached skill level 1 in Conjurations
  3027 | D:4      | Found a staircase to the Ecumenical Temple.
  3042 | D:4      | Reached skill level 5 in Earth Magic
  3479 | D:4      | Noticed a scorpion
  3483 | D:4      | Killed a scorpion
  3484 | D:4      | Reached skill level 1 in Fire Magic
  3484 | D:4      | Reached XP level 5. HP: 28/28 MP: 13/13
  3627 | Temple   | Entered the Ecumenical Temple
  3639 | Temple   | Became a worshipper of Sif Muna the Loreminder
  3672 | D:5      | Entered Level 5 of the Dungeon
  3784 | D:5      | Noticed an ogre
  3808 | D:5      | Reached XP level 6. HP: 5/32 MP: 1/15
  3808 | D:5      | Slain by a gnoll sergeant

Illustrated notes

Levels and vault maps discovered:
D:1:      scummos_arrival_forest, layout_loops_ring,
          shapermc_ecumenical_altar_acropolis, serial_shops,
          nicolae_shop_crystal
D:2:      layout_rooms
D:3:      layout_loops_corners, ashenzari_altar_1, serial_co_window_serial,
          co_window_corner_a, co_window_paths_b, co_window_paths_b,
          co_window_paths_b, co_window_of_opportunity_a, co_window_broadway_a,
          co_window_2corner, co_window_unsneaky_path_e, co_window_broadway_b,
          co_window_sun, co_window_paths_d, glass_columns_c, glass_columns_c,
          glass_columns_a, glass_columns_b, glass_columns_b
D:4:      layout_loops_ring, minmay_temple_entry_glassed_door, serial_aquarium,
          aquarium_bridge_long_joined [aquarium_subvault_bridge,
          aquarium_subvault_bridge, aquarium_subvault_window,
          aquarium_subvault_bridge, aquarium_subvault_wall,
          aquarium_subvault_wall], aquarium_bridge_square
          [aquarium_subvault_bridge, aquarium_subvault_wall,
          aquarium_subvault_bridge, aquarium_subvault_window],
          aquarium_window_corridor_1, aquarium_window_corner, aquarium_window_1,
          aquarium_view_2e, aquarium_view_2c, aquarium_balcony_5a
D:5:      layout_basic, serial_shops, nicolae_shop_trees,
          minmay_misc_feat_secret_circle
Temple:   nicolae_temple_elliptical

Skill      XL: |  1  2  3  4 |
---------------+-------------+-----
Earth Magic    | 4 5 |  5.6
Spellcasting   | 4 |  4.7
Conjurations   | 2 |  2.8
Fire Magic     | 1 |  1.7
Dodging        | |  2.4
Stealth        | |  2.4
Transmutations | |  1.1

Action                   |  1- 3 |  4- 6 || total
-------------------------+-------+-------++-------
Melee: Staff             |       |     1 ||     1
 Cast: Sandblast         |    54 |    34 ||    88
       Scorch            |       |    16 ||    16
Evoke: Wand              |       |     1 ||     1
  Use: Scroll            |     4 |     2 ||     6
Armor: Robe              |     1 |     3 ||     4
Dodge: Dodged            |     7 |    18 ||    25

Table legend: (Time is in decaauts)
 A = Elapsed time spent in this place.
 B = Non-inter-level travel time spent in this place.
 C = Inter-level travel time spent in this place.
 D = Time resting spent in this place.
 E = Time spent auto-exploring this place.
 F = Levels seen in this place.
 G = Mean time per level.
                   A        B        C        D        E       F      G
               +--------+--------+--------+--------+--------+-----+--------+
         Total |   3806 |   3689 |    117 |      2 |   3093 |   6 |  634.3 |
       Dungeon |   3782 |   3665 |    117 |      2 |   3093 |   5 |  756.4 |
        Temple |     23 |     23 |      0 |      0 |      0 |   1 |   23.0 |
               +--------+--------+--------+--------+--------+-----+--------+

Top non-repeatable levels by time:
     D:3: 1369 daAuts
     D:4: 930 daAuts
     D:1: 853 daAuts
     D:2: 492 daAuts
     D:5: 135 daAuts
  Temple: 23 daAuts
